 Dungeon Crawl Stone Soup version 0.29-a0-207-gf982a884d8 (webtiles) character file.

Game seed: 14561346831459148366

94 lunkers the Shooter (level 4, -1/35 (36) HPs)
             Began as a Demigod Hunter on Feb 24, 2022.
             Slain by Crazy Yiuf
             ... wielding a +3 quarterstaff of chaos
              (2 damage)
             ... on level 2 of the Dungeon.
             The game lasted 00:03:13 (2139 turns).

lunkers the Shooter (Demigod Hunter)                Turns: 2139, Time: 00:03:14

HP:   -1/35 (36)    AC:  7    Str: 13    XL:     4   Next: 16%
MP:   6/6           EV: 11    Int: 13    God:
Gold: 76            SH:  0    Dex: 18    Spells: 3/3 levels left

rFire   . . .      SeeInvis .   a - +1 shortbow
rCold   . . .      Faith    .   (shield currently unavailable)
rNeg    . . .      Spirit   .   l - +0 ring mail
rPois   .          Reflect  .   (no helmet)
rElec   .          Harm     .   m - +0 cloak
rCorr   .          Rampage  .   (no gloves)
Will    .....                   k - +0 pair of boots
Stlth   +.........              (no amulet)
HPRegen 0.11/turn               (no ring)
MPRegen 0.10/turn               (no ring)

@: lightly drained
A: high MP 1, forlorn, divine attributes
a: no special abilities


You were on level 2 of the Dungeon.
You visited 1 branch of the dungeon, and saw 2 of its levels.

You collected 76 gold pieces.

Inventory:

Hand Weapons
 a - a +1 shortbow (weapon)
Armour
 k - a +0 pair of boots (worn)
 l - a +0 ring mail (worn)
 m - a +0 cloak (worn)
Jewellery
 n - a ring of wizardry
Scrolls
 b - a scroll of blinking {unknown}
 c - a scroll of immolation {unknown}
 e - 2 scrolls of identify {unknown}
 g - a scroll of amnesia {unknown}
 h - a scroll of fear {unknown}
 i - a scroll of brand weapon {unknown}
 j - a scroll of enchant weapon {unknown}
Potions
 d - a potion of heal wounds {unknown}
 f - a potion of mutation {unknown}


   Skills:
 - Level 1.9 Fighting
 + Level 5.1 Bows
 - Level 1.9 Dodging
 - Level 1.2 Stealth


You had 3 spell levels left.
You didn't know any spells.
Your spell library contained the following spells:

 Spells                   Type           Power      Damage    Failure   Level
 Magic Dart               Conj           0%         1d3       56%         1
 Blink                    Tloc           0%         N/A       71%         2
 Call Imp                 Summ           0%         N/A       71%         2
 Lesser Beckoning         Tloc           0%         N/A       90%         3
 Mephitic Cloud           Conj/Pois/Air  0%         N/A       90%         3
 Manifold Assault         Tloc           0%         N/A       100%        5


Dungeon Overview and Level Annotations

Branches:
Dungeon (2/15)

Shops:
D:1 ?[

Annotations:
D:2 Crazy Yiuf


Innate Abilities, Weirdness & Mutations

You have an increased reservoir of magic. (+10% MP)
You shall have no god before yourself.
Your divine heritage dramatically boosts your attributes as you level up.


Message History

You shoot an arrow. The arrow closely misses Crazy Yiuf.
Crazy Yiuf flaps his cloak.
You shoot an arrow. The arrow hits Crazy Yiuf!
Crazy Yiuf is moderately wounded.
Crazy Yiuf hits you but does no damage.
Crazy Yiuf hits you with a +3 quarterstaff of chaos.
Crazy Yiuf draws strength from your wounds!
You shoot an arrow. The arrow closely misses Crazy Yiuf.
Crazy Yiuf barely misses you.
Unknown command.
You shoot an arrow.
The arrow hits Crazy Yiuf but does no damage.
Crazy Yiuf is lightly wounded.
Crazy Yiuf hits you with a +3 quarterstaff of chaos!
* * * LOW HITPOINT WARNING * * *
Crazy Yiuf freezes you.
* * * LOW HITPOINT WARNING * * *
Shoot: a) +1 shortbow
Press: ? - help, Q - select action Shift-Dir - straight line, f/p - Crazy Yiuf
Aim: Crazy Yiuf, wielding a +3 quarterstaff of chaos and wearing a +2 cloak (lightly wounded, 68% to hit)
You shoot an arrow. The arrow completely misses Crazy Yiuf.
Crazy Yiuf laughs, "Snurf alas toodlewoodle!"
Crazy Yiuf barely misses you.
Crazy Yiuf grits, "Citrus mumblescurry song!"
Crazy Yiuf hits you with a +3 quarterstaff of chaos!
* * * LOW HITPOINT WARNING * * *
Crazy Yiuf burns you.
* * * LOW HITPOINT WARNING * * *
Crazy Yiuf laughs, "Spliff head horse!"
Crazy Yiuf laughs, "Castle!
Goldfish fast arm."
Shoot: a) +1 shortbow
Press: ? - help, Q - select action Shift-Dir - straight line, f/p - Crazy Yiuf
Aim: Crazy Yiuf, wielding a +3 quarterstaff of chaos and wearing a +2 cloak (68% to hit)
You shoot an arrow. The arrow barely misses Crazy Yiuf.
Crazy Yiuf screams, "Snurf pizzabubble sanguine!"
Crazy Yiuf barely misses you.
Crazy Yiuf hits you with a +3 quarterstaff of chaos!
* * * LOW HITPOINT WARNING * * *
You feel drained.
You die...

..#.#.....# #.....#.#.# #.# #
.)#.#.....# #.....#.#.# #.#####
..#.#.....####.....#.#.# #......
..#.#....<.........#.#.# #.#####
########..####.....#.#.####.#####
#..# #.....#.#......<#...
♣♣♣♣♣##..# #.....#.#.####.##.##
♣♣.♣....##########.#w#.# #.##.#
..♣............g@..#.######.##.##
♣♣♣♣......#########..............
♣ ♣♣....## #########.##.## ♣♣####
#...... ####.## #.## #### #...
...# #### ####


You could see Crazy Yiuf.

Vanquished Creatures
  Terence (D:2)
  2 adders (D:2)
  A worm (D:2)
  3 dart slugs
  4 endoplasms
  2 giant cockroaches (D:2)
  8 goblins
  3 hobgoblins
  3 jackals (D:2)
  2 quokkas (D:1)
  2 bats (D:1)
  4 frilled lizards
  2 kobolds
  5 rats
42 creatures vanquished.

Notes
Turn   | Place    | Note
-------+----------+-------------------------------------------
     0 | D:1      | lunkers the Demigod Hunter began the quest for the Orb.
     0 | D:1      | Reached XP level 1. HP: 17/17 MP: 3/3
    22 | D:1      | Reached skill level 1 in Stealth
    40 | D:1      | Found Jusogowu's Armour Shoppe.
    43 | D:1      | Found Woefaoq's Magic Scroll Shoppe.
   199 | D:1      | Reached XP level 2. HP: 24/24 MP: 4/4
   237 | D:1      | Reached skill level 4 in Bows
   762 | D:2      | Found a runed translucent door.
   763 | D:2      | Noticed Crazy Yiuf
   820 | D:2      | Reached XP level 3. HP: 18/29 MP: 5/5
  1413 | D:2      | Noticed Terence
  1434 | D:2      | Killed Terence
  1435 | D:2      | Reached skill level 5 in Bows
  1435 | D:2      | Reached XP level 4. HP: 14/36 MP: 6/6
  2139 | D:2      | HP: 1/36 [Crazy Yiuf/+3 quarterstaff of chaos (8)]
  2139 | D:2      | Slain by Crazy Yiuf

Illustrated notes

Levels and vault maps discovered:
D:1:      scummos_arrival_checkerplants, layout_basic, serial_shops,
          nicolae_shop_waterfront, shop, shapermc_ecumenical_altar_notcrosses
D:2:      layout_basic, chequers_serial_rivers_large_a, uniq_terence,
          uniq_crazy_yiuf_cottage

Skill      XL: |  1  2  3 |
---------------+----------+-----
Stealth        | 1 |  1.2
Bows           | 4 5 |  5.1
Fighting       | |  1.9
Dodging        | |  1.9

Action                   |  1- 3 |  4- 6 || total
-------------------------+-------+-------++-------
 Fire: Shortbow          |   113 |    12 ||   125
Armor: Leather armour    |     6 |       ||     6
       Ring mail         |       |     1 ||     1
Dodge: Dodged            |    28 |     3 ||    31

Table legend: (Time is in decaauts)
 A = Elapsed time spent in this place.
 B = Non-inter-level travel time spent in this place.
 C = Inter-level travel time spent in this place.
 D = Time resting spent in this place.
 E = Time spent auto-exploring this place.
 F = Levels seen in this place.
 G = Mean time per level.
                   A        B        C        D        E       F      G
               +--------+--------+--------+--------+--------+-----+--------+
         Total |   2193 |   2149 |     44 |      0 |   1825 |   2 | 1096.5 |
       Dungeon |   2193 |   2149 |     44 |      0 |   1825 |   2 | 1096.5 |
               +--------+--------+--------+--------+--------+-----+--------+

Top non-repeatable levels by time:
     D:2: 1521 daAuts
     D:1: 671 daAuts
